 Dungeon Crawl Stone Soup version 0.23.2-33-g5129a83184 (webtiles) character file.

Game seed: 9672457142943496564

6 MalarOregon the Magician (level 1, -3/12 (14) HPs)
             Began as a Ghoul Wizard on July 15, 2019.
             Slain by a hobgoblin (5 damage)
             ... on level 1 of the Dungeon.
             The game lasted 00:00:35 (142 turns).

MalarOregon the Magician (Ghoul Wizard)              Turns: 142, Time: 00:00:35

HP:   -3/12 (14)    AC:  2    Str: 10    XL:     1   Next: 90%
MP:   2/3           EV: 12    Int: 13    God:
Gold: 15            SH:  0    Dex:  7    Spells: 4/5 levels left

rFire    . . .     SeeInvis .   (no weapon)
rCold    + . .     Gourm    .   (no shield)
rNeg     + + +     Faith    .   a - +0 robe
rPois    ∞         Spirit   .   b - +0 hat
rElec    .         Reflect  .   (no cloak)
rCorr    .         Harm     .   (no gloves)
MR       .....                  (no boots)
Stlth    ++........             (no amulet)
HPRegen  0.00/turn              (no ring)
MPRegen  0.08/turn              (no ring)

@: very slightly contaminated, rotting
A: rotting body, claws 1, carnivore, cold resistance 1, negative energy
resistance 3, inhibited regeneration, torment resistance, unbreathing
a: no special abilities


You were on level 1 of the Dungeon.
You were not hungry.

You visited 1 branch of the dungeon, and saw 1 of its levels.

You collected 15 gold pieces.

Inventory:

Armour
 a - a +0 robe (worn)
 b - a +0 hat (worn)
Scrolls
 d - a scroll of identify {unknown}
Potions
 f - 2 potions of brilliance {unknown}
Comestibles
 e - 2 rations {!d}


   Skills:
 - Level 1.7 Dodging
 - Level 2.1 Stealth
 + Level 2.8 Spellcasting
 + Level 1.1 Conjurations
   Level 0.8 Summonings
   Level 0.8 Translocations


You had 4 spell levels left.
You knew the following spells:

 Your Spells              Type           Power        Failure   Level  Hunger
a - Magic Dart            Conj           #...         14%         1    #......

Your spell library contained the following spells:

 Spells                   Type           Power        Failure   Level  Hunger
 Blink                    Tloc           N/A          26%         2    ###....
 Call Imp                 Summ           #.......     26%         2    ###....
 Slow                     Hex            #.......     34%         2    ###....
 Conjure Flame            Conj/Fire      #.......     50%         3    ###....
 Mephitic Cloud           Conj/Pois/Air  #.......     52%         3    ###....


Dungeon Overview and Level Annotations

Branches:
Dungeon (1/15)

Altars:


Innate Abilities, Weirdness & Mutations

Your body is rotting away.
You thrive on raw meat.
You are immune to poison.
You have sharp fingernails.
You are carnivorous and can eat meat at any time.
Your flesh is cold resistant. (rC+)
You are immune to negative energy. (rN+++)
You do not regenerate when monsters are visible.
You are immune to unholy pain and torment.
You can survive without breathing.


Message History

You barely miss the bat. The bat misses you. The bat closely misses you.
The bat hits you but does no damage.
Aim: a bat (heavily wounded)
The magic dart hits the bat.
The bat hits you. The bat barely misses you.
A bat is nearby!
You barely miss the bat. The bat hits you but does no damage. x2
You closely miss the bat. The bat closely misses you.
The bat hits you but does no damage. The bat hits you but does no damage.
The bat closely misses you. The bat misses you.
You barely miss the bat. The bat hits you but does no damage.
You scratch the bat but do no damage. The bat hits you.
The bat closely misses you.
You barely miss the bat. The bat misses you.
You barely miss the bat.
You feel your flesh rotting away. The bat hits you but does no damage.
The bat misses you.
You scratch the bat.
You kill the bat!
No target in view!
Eating a chunk of flesh.
You eat the chunk of flesh.
You feel more resilient.
This raw flesh tastes great!
You feel your flesh rotting away.
A hobgoblin comes into view.
The hobgoblin shouts!
A hobgoblin is nearby!
A hobgoblin is nearby!
Found 26 stones.
The hobgoblin hits you.
You scratch the hobgoblin but do no damage.
The hobgoblin hits you.
You barely miss the hobgoblin. The hobgoblin hits you.
* * * LOW HITPOINT WARNING * * *
Aim: a hobgoblin The magic dart hits the hobgoblin but does no damage.
The hobgoblin hits you.
* * * LOW HITPOINT WARNING * * *
You scratch the hobgoblin but do no damage.
The hobgoblin misses you.
Unknown command.
Okay, then.
Aim: a hobgoblin You miscast Magic Dart.
You are very lightly contaminated with residual magic.
Your skin glows momentarily.
You feel your flesh rotting away. The hobgoblin hits you.
You die...

###### ######....######
##..............#
#..###......###.#
##....###....###.#
.....÷..###...##.#
.##.......###.##@#
.#......###....#g#
##..÷.###......#.#
....###...###.#..######
##>...).###.............
##...###...............
#.###(......(.......##
#.. ###.....#..#.##.#
##. ###...#..#.# #


You could see a hobgoblin.

Vanquished Creatures
  A giant cockroach (D:1)
  A kobold (D:1)
  2 bats (D:1)
  A frilled lizard (D:1)
  A rat (D:1)
6 creatures vanquished.

Notes
Turn   | Place    | Note
-------+----------+-------------------------------------------
     0 | D:1      | MalarOregon the Ghoul Wizard began the quest for the Orb.
     0 | D:1      | Reached XP level 1. HP: 14/14 MP: 3/3
    39 | D:1      | Reached skill level 1 in Conjurations
   142 | D:1      | Slain by a hobgoblin

Skill      XL: |  1 |
---------------+----+-----
Conjurations   | 1 |  1.1
Dodging        | |  1.7
Stealth        | |  2.1
Spellcasting   | |  2.8
Summonings     | |  0.8
Translocations | |  0.8

Action                   || total
-------------------------++-------
Melee: Unarmed           ||    17
 Cast: Magic Dart        ||     7
  Eat: Chunk             ||     2
Armor: Robe              ||    11
Dodge: Dodged            ||    21
